AoeStats
← Pwncakes

Fortress

507086220Analyzed
4v4 RM · 17d ago on Sep 16, 2026· 40m 34s· 8 players
Game mode
Random Map
Map size
Huge
Population
200
Speed
Normal
Resources
Standard
Victory
Conquest
Starting age
Dark Age
Ending age
Imperial Age
RankedLock teamsTeams togetherTeam positionsShared explorationLock speedFull tech treeHidden civsTurbo modeCheats
Victory
Defeat
🇺🇸 Muisca · United States
1338
+16
🇨🇴 Berbers · Colombia
1289
+18
🇬🇧 Khmer · United Kingdom
1280
+18
🇹🇼 Persians · Taiwan
1275
+18
🇵🇪 Teutons · Peru
1358
-19
🇨🇱 Spanish · Chile
1342
-18
🇨🇱 Celts · Chile
1316
-17
🇵🇪 Aztecs · Peru
1298
-16
Shisui
8:00 Feudal Age
7:22 Loom
11:53 Castle Age
10:08 Scale Mail Armor
10:07 Double-Bit Axe
10:30 Horse Collar
12:06 Forging
16:19 Chain Mail Armor
17:08 Arson
20:14 Bow Saw
21:12 Town Watch
22:54 Heavy Plow
24:18 Loom
25:56 Gold Mining
27:38 Stone Mining
33:25 Imperial Age
31:29 Fletching
32:16 Bodkin Arrow
32:17 Pikeman
34:25 Iron Casting
33:46 Halberdier
34:56 Conscription
35:15 Conscription
35:39 Plate Mail Armor
PNAL | Lipe
7:36 Feudal Age
11:14 Castle Age
9:07 Double-Bit Axe
9:45 Horse Collar
12:18 Bow Saw
13:17 Bow Saw
14:13 Husbandry
17:10 Loom
17:59 Fervor
19:43 Stone Mining
23:39 Wheelbarrow
23:28 Bow Saw
24:56 Heavy Plow
29:43 Imperial Age
29:02 Hand Cart
28:32 Town Watch
28:59 Padded Archer Armor
29:12 Bloodlines
30:55 Conscription
29:57 Pikeman
30:37 Squires
30:08 Cavalier
31:38 Leather Archer Armor
31:14 Fletching
31:29 Scale Barding Armor
31:34 Forging
31:29 Scale Barding Armor
31:39 Halberdier
32:31 Scale Mail Armor
34:14 Two-Man Saw
33:41 Block Printing
33:46 Sanctity
36:31 Chain Barding Armor
36:50 Iron Casting
38:53 Town Patrol
enriquedav
8:52 Feudal Age
12:56 Castle Age
11:00 Double-Bit Axe
11:43 Gold Mining
11:35 Horse Collar
11:48 Stone Mining
13:40 Wheelbarrow
14:32 Bow Saw
15:11 Stone Shaft Mining
15:06 Hand Cart
22:51 Loom
22:51 Town Watch
23:57 Fortified Wall
24:06 Bloodlines
27:43 Imperial Age
25:18 Heavy Plow
26:36 Town Patrol
27:53 Elite Teutonic Knight
28:54 Conscription
28:14 Man-at-Arms
28:55 Squires
28:40 Gambesons
28:42 Arson
28:17 Pikeman
29:11 Forging
29:01 Scale Mail Armor
28:52 Fletching
29:00 Cavalier
29:03 Long Swordsman
30:40 Iron Casting
30:48 Chain Mail Armor
30:32 Halberdier
30:33 Two-Handed Swordsman
33:40 Blast Furnace
36:28 Plate Mail Armor
AGARRINI LA PALINI
1:09 Loom
7:52 Feudal Age
12:08 Castle Age
12:19 Double-Bit Axe
12:15 Horse Collar
18:21 Squires
18:09 Arson
20:16 Forging
20:29 Scale Mail Armor
23:26 Wheelbarrow
26:11 Bow Saw
27:41 Iron Casting
27:22 Chain Mail Armor
32:28 Imperial Age
29:46 Town Watch
33:26 Eagle Warrior
35:30 Blast Furnace
35:00 Plate Mail Armor
35:24 Conscription
34:30 Elite Eagle Warrior
38:57 Gold Mining
38:57 Stone Mining
40:06 Garland Wars
TITO15
8:05 Feudal Age
8:36 Loom
9:05 Double-Bit Axe
9:04 Horse Collar
12:00 Castle Age
11:47 Wheelbarrow
13:07 Bow Saw
12:58 Heavy Plow
21:39 Gold Mining
23:22 Fletching
24:01 Bodkin Arrow
25:01 Gold Shaft Mining
28:17 Imperial Age
25:51 Padded Archer Armor
27:00 Leather Archer Armor
26:50 Stone Mining
27:21 Bloodlines
27:12 Husbandry
28:10 Ballistics
28:36 Stone Shaft Mining
29:27 Conscription
29:27 Bracer
30:31 Chemistry
30:21 Ring Archer Armor
31:07 Elite Camel Archer
33:24 Maghrebi Camels
33:42 Kasbah
Pwncakes
7:04 Feudal Age
11:59 Castle Age
10:06 Double-Bit Axe
10:30 Horse Collar
13:19 Bow Saw
14:03 Heavy Plow
15:03 Wheelbarrow
15:12 Wheelbarrow
16:04 Stone Mining
18:14 Loom
19:38 Scale Mail Armor
20:06 Gold Mining
20:37 Hand Cart
20:08 Town Watch
20:19 Town Watch
20:39 Champi Runner
21:20 Scale Mail Armor
22:55 Chain Mail Armor
22:04 Champi Warrior
23:27 Squires
27:07 Imperial Age
25:19 Forging
25:35 Fletching
25:46 Padded Archer Armor
26:53 Iron Casting
26:25 Bodkin Arrow
26:30 Treadmill Crane
27:40 Leather Archer Armor
28:14 Conscription
28:03 Herbalism
27:30 Elite Guecha Warrior
29:19 Hoardings
28:49 Bracer
28:47 Elite Champi Warrior
30:37 Stone Shaft Mining
30:41 Gold Shaft Mining
30:58 Ballistics
31:53 Plate Mail Armor
30:45 Elite Temple Guard
32:23 Elite Temple Guard
35:41 Coinage
35:19 Elite Guecha Warrior
36:20 Herbalism
37:16 Masonry
38:40 Banking
linyankuang0725
7:23 Feudal Age
11:18 Castle Age
9:58 Double-Bit Axe
9:55 Horse Collar
12:53 Bow Saw
16:52 Loom
19:14 Wheelbarrow
19:00 Heavy Plow
19:19 Gold Mining
20:58 Gold Shaft Mining
21:59 Stone Mining
26:01 Imperial Age
24:02 Bloodlines
23:53 Husbandry
24:00 Scale Barding Armor
24:06 Forging
24:59 Stone Shaft Mining
25:13 Chain Barding Armor
27:05 Plate Barding Armor
26:03 Elite War Elephant
28:02 Plate Barding Armor
30:15 Iron Casting
29:30 Fletching
30:04 Conscription
35:52 Hoardings
36:44 Hand Cart
36:14 Town Watch
36:38 Light Cavalry
38:18 Hussar
milopokerboy
7:29 Feudal Age
10:24 Castle Age
8:28 Double-Bit Axe
8:39 Horse Collar
13:14 Bow Saw
18:37 Loom
19:31 Town Watch
21:57 Wheelbarrow
21:25 Loom
26:14 Hand Cart
26:11 Town Patrol
27:13 Heavy Plow
29:01 Ballistics
28:51 Masonry
32:42 Imperial Age
31:55 Scale Barding Armor
32:00 Forging
32:47 Elite Ballista Elephant
33:49 Conscription
33:50 Chain Barding Armor
35:23 Hoardings
34:58 Double Crossbow
35:44 Siege Engineers
37:34 Caravan
37:52 Fortified Wall
38:43 Chemistry
38:42 Plate Barding Armor
38:17 Gold Mining
39:09 Bloodlines
39:00 Husbandry
Connection lost

Rejoining the realm…

Still unreachable

The connection could not be restored.

Session expired

The server has moved on; the page needs a fresh start.